[ AOE2 MATCH · #476882795 ]
UnrankedBengalis vs Georgians
[ REPLAY ANALYSIS · EXTRACTED FROM THE RECORDED GAME ]
Feudal
11:05
Castle
14:35
Imperial
29:02
| APM avg | 29.6 |
| APM peak | 71 |
| eAPM avg | 19.1 |
| Villagers / military | 137 / 438 |
Focus
⚔️ 30.8% · 🌾 69.2%
Battle Elephant ×195 · Elephant Archer ×132 · Skirmisher ×95 · Trade Cart ×59 · Trebuchet (Packed) ×8 · Armored Elephant ×7
Feudal
11:58
Castle
17:25
Imperial
31:17
| APM avg | 40.5 |
| APM peak | 73 |
| eAPM avg | 32.0 |
| Villagers / military | 155 / 524 |
Focus
⚔️ 44.9% · 🌾 55.1%
Spearman ×489 · Trade Cart ×30 · Battering Ram ×24 · Fishing Ship ×18 · Mangonel ×7 · Trebuchet (Packed) ×3
Feudal
12:56
Castle
17:08
Imperial
31:57
| APM avg | 31.9 |
| APM peak | 73 |
| eAPM avg | 24.1 |
| Villagers / military | 140 / 301 |
Focus
⚔️ 38.1% · 🌾 61.9%
Skirmisher ×118 · Militia ×112 · Spearman ×36 · Mangonel ×22 · Fishing Ship ×18 · Organ Gun ×11
Feudal
10:56
Castle
14:54
Imperial
29:01
| APM avg | 54.5 |
| APM peak | 114 |
| eAPM avg | 31.7 |
| Villagers / military | 137 / 296 |
Focus
⚔️ 38.1% · 🌾 61.9%
Mangudai ×242 · Trade Cart ×39 · Mangonel ×27 · Battering Ram ×26 · Monk ×1
Feudal
16:52
Castle
20:23
Imperial
28:25
| APM avg | 35.1 |
| APM peak | 76 |
| eAPM avg | 22.3 |
| Villagers / military | 81 / 217 |
Focus
⚔️ 40.7% · 🌾 59.3%
Longbowman ×202 · Fishing Ship ×23 · Trade Cart ×18 · Trebuchet (Packed) ×14 · Demolition Raft ×1
Feudal
11:54
Castle
15:49
Imperial
31:00
| APM avg | 24.3 |
| APM peak | 77 |
| eAPM avg | 17.6 |
| Villagers / military | 125 / 238 |
Focus
⚔️ 39.7% · 🌾 60.3%
Longbowman ×209 · Trade Cart ×58 · Trebuchet (Packed) ×23 · Fishing Ship ×5 · Mangonel ×4 · Monk ×2
Feudal
10:45
Castle
20:22
Imperial
29:39
| APM avg | 34.8 |
| APM peak | 75 |
| eAPM avg | 22.6 |
| Villagers / military | 184 / 459 |
Focus
⚔️ 36.2% · 🌾 63.8%
Scout Cavalry ×272 · Knight ×112 · Skirmisher ×51 · Trade Cart ×20 · Fishing Ship ×19 · Bombard Cannon ×19
Feudal
14:26
Castle
22:22
Imperial
27:19
| APM avg | 40.9 |
| APM peak | 71 |
| eAPM avg | 29.7 |
| Villagers / military | 204 / 808 |
Focus
⚔️ 40.0% · 🌾 60.0%
Spearman ×776 · Trade Cart ×80 · Fishing Ship ×40 · Monk ×9 · Battering Ram ×9 · Militia ×5
Match map
Initial resources + every placement click. Lines = walls · curves = elevation contours. ◆ gold · ⬟ stone · ● berries · ✦ relic · ◌ wall gap
Inputs per minute
— NSK.Kalupso - - Twitch/SyMess
Build order — NSK.Kalupso
First 150 of 510 actions detected
| 0:01 | Create | Villager (Male) |
| 0:01 | Create | Villager (Male) |
| 0:01 | Create | Villager (Male) |
| 0:02 | Create | Villager (Male) |
| 0:03 | Build | House |
| 0:04 | Build | House |
| 1:24 | Create | Villager (Male) |
| 1:45 | Build | Lumber Camp |
| 2:08 | Create | Villager (Male) |
| 2:27 | Create | Villager (Male) |
| 3:00 | Create | Villager (Male) |
| 3:08 | Create | Villager (Male) |
| 3:29 | Build | House |
| 3:52 | Create | Villager (Male) |
| 4:13 | Create | Villager (Male) |
| 4:17 | Build | Mill |
| 4:18 | Create | Villager (Male) |
| 5:03 | Create | Villager (Male) |
| 5:03 | Create | Villager (Male) |
| 5:03 | Create | Villager (Male) |
| 5:14 | Build | House |
| 6:00 | Create | Villager (Male) |
| 6:00 | Create | Villager (Male) |
| 6:28 | Create | Villager (Male) |
| 6:30 | Create | Villager (Male) |
| 6:34 | Build | Mining Camp |
| 7:08 | Create | Villager (Male) |
| 7:08 | Create | Villager (Male) |
| 7:39 | Build | House |
| 8:55 | Research | Feudal Age |
| 9:22 | Create | Villager (Male) |
| 9:22 | Create | Villager (Male) |
| 9:48 | Build | House |
| 11:05 | Age | Feudal Age |
| 11:06 | Build | Market |
| 11:08 | Build | Blacksmith |
| 11:55 | Research | Castle Age |
| 12:31 | Research | Double-Bit Axe |
| 12:55 | Research | Horse Collar |
| 12:56 | Create | Villager (Male) |
| 13:07 | Build | House |
| 13:09 | Build | House |
| 14:35 | Age | Castle Age |
| 14:37 | Build | Town Center |
| 14:40 | Build | Town Center |
| 14:56 | Build | Town Center |
| 15:02 | Create | Villager (Male) |
| 15:02 | Research | Bow Saw |
| 15:05 | Create | Villager (Male) |
| 15:29 | Create | Villager (Male) |
| 15:35 | Create | Villager (Male) |
| 15:42 | Create | Villager (Male) |
| 15:42 | Create | Villager (Male) |
| 15:47 | Build | Farm |
| 15:58 | Build | Farm |
| 16:00 | Build | Farm |
| 16:01 | Create | Villager (Male) |
| 16:13 | Build | Farm |
| 16:14 | Create | Villager (Male) |
| 16:18 | Create | Villager (Male) |
| 16:18 | Create | Villager (Male) |
| 16:19 | Create | Villager (Male) |
| 16:21 | Build | Farm |
| 16:21 | Build | Farm |
| 16:26 | Build | Farm |
| 16:35 | Build | Farm |
| 16:40 | Build | Farm |
| 16:48 | Research | Loom |
| 16:53 | Build | Farm |
| 16:56 | Build | Farm |
| 17:01 | Create | Villager (Male) |
| 17:05 | Build | Farm |
| 17:11 | Build | Farm |
| 17:12 | Build | Farm |
| 17:15 | Create | Villager (Male) |
| 17:17 | Build | Farm |
| 17:19 | Build | Farm |
| 17:30 | Build | Farm |
| 17:37 | Create | Villager (Male) ×3 |
| 17:40 | Build | Farm |
| 17:45 | Create | Villager (Male) |
| 17:53 | Build | Farm |
| 18:11 | Build | Mill |
| 18:12 | Build | Farm |
| 18:12 | Build | Farm |
| 18:12 | Build | Farm |
| 18:12 | Build | Farm |
| 18:12 | Build | Farm |
| 18:16 | Create | Villager (Male) |
| 18:17 | Create | Villager (Male) |
| 18:17 | Create | Villager (Male) |
| 18:21 | Build | Farm |
| 18:29 | Create | Villager (Male) |
| 18:29 | Create | Villager (Male) ×3 |
| 18:43 | Create | Villager (Male) |
| 18:43 | Create | Villager (Male) |
| 18:48 | Build | Farm |
| 18:52 | Build | Farm |
| 18:53 | Build | Farm |
| 18:54 | Build | Farm |
| 19:01 | Create | Villager (Male) |
| 19:01 | Create | Villager (Male) |
| 19:13 | Create | Villager (Male) |
| 19:14 | Create | Villager (Male) |
| 19:18 | Build | House |
| 19:19 | Build | House |
| 19:26 | Build | House |
| 19:28 | Create | Villager (Male) |
| 19:37 | Research | Wheelbarrow |
| 19:38 | Create | Villager (Male) |
| 19:41 | Build | House |
| 19:50 | Build | Farm |
| 19:52 | Build | Farm |
| 19:59 | Build | Town Center |
| 20:01 | Create | Villager (Male) |
| 20:02 | Create | Villager (Male) ×4 |
| 20:05 | Build | House |
| 20:11 | Build | House |
| 20:15 | Build | House |
| 20:15 | Build | House |
| 20:15 | Build | House |
| 20:16 | Build | House |
| 20:20 | Create | Villager (Male) ×3 |
| 20:24 | Build | House |
| 20:29 | Build | Monastery |
| 20:30 | Create | Villager (Male) |
| 20:31 | Create | Villager (Male) |
| 20:40 | Create | Villager (Male) |
| 20:42 | Create | Villager (Male) |
| 20:49 | Create | Villager (Male) |
| 20:53 | Create | Villager (Male) |
| 20:55 | Build | House |
| 20:56 | Build | House |
| 20:56 | Build | House |
| 20:57 | Build | House |
| 20:58 | Create | Villager (Male) |
| 20:59 | Create | Villager (Male) ×2 |
| 21:12 | Build | Mining Camp |
| 21:13 | Create | Monk |
| 21:21 | Create | Villager (Male) ×4 |
| 21:24 | Build | Farm |
| 21:27 | Build | Farm |
| 21:28 | Build | Farm |
| 21:30 | Build | Farm |
| 21:32 | Build | Farm |
| 21:33 | Create | Villager (Male) |
| 21:34 | Create | Villager (Male) |
| 21:34 | Create | Villager (Male) |
| 21:34 | Create | Villager (Male) |
| 21:37 | Build | Farm |
Build order — Twitch/SyMess
First 150 of 958 actions detected
| 0:01 | Create | Villager (Male) ×4 |
| 0:02 | Build | House |
| 0:03 | Build | House |
| 1:23 | Create | Villager (Male) |
| 2:17 | Create | Villager (Male) |
| 2:18 | Create | Villager (Male) |
| 2:18 | Create | Villager (Male) |
| 2:31 | Create | Villager (Male) |
| 2:55 | Create | Villager (Male) |
| 2:55 | Create | Villager (Male) |
| 3:31 | Create | Villager (Male) |
| 3:31 | Create | Villager (Male) |
| 3:44 | Create | Villager (Male) |
| 3:58 | Build | House |
| 3:59 | Build | House |
| 4:00 | Build | House |
| 4:01 | Build | House |
| 4:06 | Build | House |
| 4:40 | Create | Villager (Male) |
| 4:40 | Create | Villager (Male) |
| 4:50 | Create | Villager (Male) |
| 4:56 | Build | Mill |
| 5:25 | Create | Villager (Male) |
| 5:28 | Create | Villager (Male) |
| 5:37 | Create | Villager (Male) |
| 5:57 | Create | Villager (Male) |
| 6:17 | Create | Villager (Male) |
| 6:58 | Build | Dock |
| 7:12 | Create | Villager (Male) |
| 7:13 | Create | Villager (Male) |
| 7:48 | Create | Villager (Male) |
| 8:06 | Create | Fishing Ship |
| 8:08 | Create | Fishing Ship |
| 8:21 | Create | Villager (Male) |
| 8:34 | Build | House |
| 8:44 | Create | Villager (Male) |
| 9:00 | Create | Villager (Male) |
| 9:01 | Create | Villager (Male) |
| 9:27 | Research | Loom |
| 9:27 | Research | Feudal Age |
| 9:33 | Create | Villager (Male) |
| 9:36 | Create | Villager (Male) |
| 9:36 | Create | Villager (Male) |
| 9:37 | Create | Fishing Ship |
| 11:58 | Age | Feudal Age |
| 12:01 | Build | Market |
| 12:06 | Build | Market |
| 12:10 | Create | Villager (Male) |
| 12:17 | Build | Palisade Wall |
| 12:18 | Build | Palisade Wall |
| 12:19 | Build | Palisade Wall |
| 12:20 | Build | Palisade Wall |
| 12:21 | Build | Palisade Wall |
| 12:26 | Research | Loom |
| 12:26 | Create | Villager (Male) |
| 12:39 | Create | Fishing Ship |
| 12:44 | Build | Blacksmith |
| 13:29 | Research | Horse Collar |
| 13:30 | Research | Double-Bit Axe |
| 13:36 | Build | Mule Cart |
| 13:47 | Create | Villager (Male) |
| 13:56 | Build | Farm |
| 13:57 | Build | Farm |
| 13:57 | Build | Farm |
| 13:57 | Build | Farm |
| 13:58 | Build | Farm |
| 14:07 | Create | Villager (Male) |
| 14:38 | Create | Villager (Male) |
| 14:45 | Research | Castle Age |
| 14:46 | Research | Castle Age |
| 15:00 | Build | House |
| 15:15 | Build | Fish Trap |
| 15:19 | Build | Fish Trap |
| 15:23 | Build | Fish Trap |
| 15:27 | Create | Fishing Ship |
| 15:31 | Build | House |
| 15:33 | Build | House |
| 15:38 | Build | House |
| 15:50 | Build | Fish Trap |
| 15:56 | Create | Villager (Male) |
| 15:56 | Create | Villager (Male) |
| 17:01 | Build | Farm |
| 17:25 | Age | Castle Age |
| 17:27 | Build | Town Center |
| 17:29 | Build | Town Center |
| 17:33 | Create | Villager (Male) |
| 17:43 | Build | Fish Trap |
| 17:45 | Build | House |
| 17:46 | Create | Villager (Male) |
| 18:11 | Create | Villager (Male) |
| 18:19 | Create | Villager (Male) |
| 18:26 | Create | Villager (Male) |
| 18:26 | Create | Villager (Male) |
| 18:30 | Build | Farm |
| 18:32 | Build | Farm |
| 18:32 | Build | Farm |
| 18:35 | Create | Villager (Male) |
| 18:50 | Create | Villager (Male) |
| 18:50 | Create | Villager (Male) |
| 18:50 | Create | Villager (Male) |
| 18:51 | Create | Villager (Male) |
| 18:52 | Create | Villager (Male) |
| 18:57 | Build | Barracks |
| 19:10 | Build | Farm |
| 19:10 | Build | Farm |
| 19:15 | Research | Wheelbarrow |
| 19:15 | Create | Villager (Male) |
| 19:27 | Build | Farm |
| 19:32 | Create | Fishing Ship |
| 19:35 | Research | Tech 906 |
| 19:42 | Create | Villager (Male) |
| 19:59 | Build | Stable |
| 19:59 | Create | Villager (Male) |
| 20:00 | Create | Villager (Male) |
| 20:00 | Create | Villager (Male) |
| 20:12 | Create | Villager (Male) |
| 20:18 | Build | Fish Trap |
| 20:21 | Create | Fishing Ship |
| 20:22 | Create | Villager (Male) |
| 20:42 | Build | Dock |
| 20:48 | Research | Bow Saw |
| 20:57 | Create | Villager (Male) |
| 21:00 | Build | House |
| 21:01 | Build | House |
| 21:08 | Create | Fishing Ship |
| 21:13 | Build | House |
| 21:13 | Build | House |
| 21:22 | Create | Villager (Male) |
| 21:22 | Create | Villager (Male) |
| 21:22 | Create | Villager (Male) |
| 21:27 | Build | Fish Trap |
| 21:36 | Create | Villager (Male) |
| 21:40 | Build | Farm |
| 21:44 | Create | Villager (Male) |
| 21:45 | Create | Villager (Male) |
| 21:48 | Build | Stable |
| 21:54 | Create | Villager (Male) |
| 21:55 | Create | Villager (Male) |
| 21:55 | Create | Villager (Male) |
| 21:55 | Create | Villager (Male) |
| 22:02 | Build | Fish Trap |
| 22:03 | Create | Villager (Male) |
| 22:08 | Build | House |
| 22:09 | Build | House |
| 22:10 | Create | Villager (Male) |
| 22:16 | Create | Fishing Ship |
| 22:18 | Create | Fishing Ship |
| 22:33 | Build | House |
| 22:34 | Build | House |
| 22:40 | Build | Monastery |
Build order — Getsuga Tensho
First 150 of 736 actions detected
| 0:01 | Create | Villager (Male) |
| 0:01 | Create | Villager (Male) |
| 0:02 | Build | House |
| 0:03 | Build | House |
| 0:09 | Create | Villager (Male) |
| 0:10 | Create | Villager (Male) |
| 0:18 | Research | Loom |
| 0:28 | Create | Villager (Male) |
| 0:28 | Create | Villager (Male) |
| 0:59 | Build | Palisade Wall |
| 1:02 | Build | Palisade Wall |
| 1:08 | Build | Palisade Wall |
| 1:10 | Build | Palisade Wall |
| 1:12 | Build | Palisade Wall |
| 1:14 | Build | Palisade Wall |
| 1:45 | Create | Villager (Male) |
| 1:50 | Build | Lumber Camp |
| 2:08 | Build | Lumber Camp |
| 2:41 | Create | Villager (Male) |
| 2:59 | Create | Villager (Male) |
| 3:21 | Build | Lumber Camp |
| 3:25 | Create | Villager (Male) |
| 3:42 | Create | Villager (Male) |
| 4:14 | Create | Villager (Male) |
| 4:40 | Build | House |
| 4:50 | Build | Palisade Wall |
| 4:54 | Create | Villager (Male) |
| 5:11 | Create | Villager (Male) |
| 5:29 | Build | Palisade Wall |
| 5:40 | Create | Villager (Male) |
| 6:05 | Create | Villager (Male) |
| 6:21 | Build | House |
| 6:30 | Create | Villager (Male) |
| 6:49 | Create | Villager (Male) |
| 6:58 | Build | Mining Camp |
| 7:21 | Create | Villager (Male) |
| 7:34 | Build | Mill |
| 7:38 | Create | Villager (Male) |
| 7:54 | Create | Villager (Male) |
| 8:15 | Build | Palisade Wall |
| 8:25 | Create | Villager (Male) |
| 8:25 | Create | Villager (Male) |
| 8:51 | Build | Dock |
| 9:00 | Build | House |
| 9:31 | Create | Villager (Male) |
| 9:31 | Create | Villager (Male) |
| 9:39 | Build | House |
| 9:57 | Create | Fishing Ship |
| 10:09 | Create | Villager (Male) |
| 10:31 | Research | Feudal Age |
| 10:44 | Build | Mining Camp |
| 11:26 | Create | Fishing Ship |
| 11:51 | Build | House |
| 12:00 | Create | Fishing Ship |
| 12:48 | Create | Fishing Ship |
| 12:56 | Age | Feudal Age |
| 12:58 | Build | Stone Wall |
| 13:03 | Build | Stone Wall |
| 13:03 | Build | Stone Wall |
| 13:05 | Create | Villager (Male) |
| 13:05 | Create | Villager (Male) |
| 13:23 | Build | Market |
| 13:36 | Build | Blacksmith |
| 13:43 | Build | Stone Wall |
| 13:44 | Build | Stone Wall |
| 13:45 | Build | Stone Wall |
| 13:48 | Build | Stone Wall |
| 13:51 | Build | Stone Wall |
| 13:54 | Create | Villager (Male) |
| 14:00 | Build | House |
| 14:15 | Create | Fishing Ship |
| 14:28 | Research | Castle Age |
| 14:54 | Build | Outpost |
| 14:57 | Research | Stone Mining |
| 15:06 | Build | Outpost |
| 15:12 | Build | Building 673 |
| 15:35 | Create | Fishing Ship |
| 15:36 | Research | Double-Bit Axe |
| 16:09 | Research | Gold Mining |
| 16:14 | Research | Horse Collar |
| 16:52 | Build | Building 490 |
| 16:57 | Create | Villager (Male) |
| 17:00 | Research | Town Watch |
| 17:08 | Age | Castle Age |
| 17:24 | Create | Villager (Male) |
| 17:31 | Build | Castle |
| 17:52 | Research | Bow Saw |
| 18:11 | Create | Villager (Male) |
| 18:11 | Create | Villager (Male) |
| 18:22 | Create | Organ Gun |
| 18:35 | Create | Villager (Male) |
| 18:45 | Create | Organ Gun |
| 19:03 | Create | Villager (Male) |
| 19:13 | Build | House |
| 19:14 | Build | House |
| 19:17 | Create | Villager (Male) |
| 19:19 | Create | Organ Gun |
| 19:43 | Build | Fish Trap |
| 19:43 | Build | Fish Trap |
| 19:45 | Build | Fish Trap |
| 19:48 | Create | Fishing Ship |
| 20:06 | Build | Fish Trap |
| 20:09 | Create | Villager (Male) |
| 20:14 | Create | Organ Gun |
| 20:30 | Build | Farm |
| 20:33 | Build | Fish Trap |
| 20:48 | Create | Villager (Male) |
| 20:51 | Build | Farm |
| 21:02 | Create | Organ Gun |
| 21:10 | Build | Fish Trap |
| 21:24 | Build | Siege Workshop |
| 21:34 | Create | Villager (Male) |
| 21:34 | Create | Villager (Male) |
| 21:37 | Build | Farm |
| 22:09 | Create | Mangonel |
| 22:17 | Create | Organ Gun |
| 22:28 | Create | Villager (Male) |
| 22:28 | Create | Villager (Male) |
| 22:38 | Build | Lumber Camp |
| 22:41 | Create | Villager (Male) |
| 23:06 | Build | Outpost |
| 23:12 | Create | Organ Gun |
| 23:13 | Create | Villager (Male) |
| 23:14 | Create | Villager (Male) |
| 23:21 | Create | Fishing Ship |
| 23:40 | Create | Villager (Male) |
| 23:40 | Create | Villager (Male) |
| 23:58 | Create | Mangonel |
| 24:02 | Create | Villager (Male) |
| 24:05 | Create | Organ Gun |
| 24:14 | Build | Outpost |
| 24:25 | Build | Fish Trap |
| 25:05 | Create | Organ Gun |
| 25:08 | Create | Villager (Male) |
| 25:21 | Create | Villager (Male) |
| 25:21 | Create | Villager (Male) |
| 25:31 | Create | Organ Gun |
| 25:31 | Create | Organ Gun |
| 25:32 | Create | Villager (Male) |
| 25:38 | Create | Mangonel |
| 25:50 | Create | Fishing Ship |
| 25:57 | Create | Villager (Male) |
| 26:14 | Build | Lumber Camp |
| 26:54 | Create | Villager (Male) |
| 27:00 | Build | Farm |
| 27:04 | Build | Fish Trap |
| 27:06 | Create | Villager (Male) |
| 27:12 | Build | House |
| 27:13 | Build | House |
| 27:18 | Build | Town Center |
Build order — Cc
First 150 of 575 actions detected
| 0:01 | Create | Villager (Male) |
| 0:02 | Build | House |
| 0:03 | Build | House |
| 0:11 | Create | Villager (Male) |
| 0:12 | Create | Villager (Male) |
| 0:12 | Create | Villager (Male) |
| 1:27 | Create | Villager (Male) |
| 1:49 | Create | Villager (Male) |
| 1:49 | Create | Villager (Male) |
| 2:16 | Create | Villager (Male) |
| 2:17 | Create | Villager (Male) |
| 2:51 | Create | Villager (Male) |
| 2:51 | Create | Villager (Male) |
| 2:52 | Create | Villager (Male) |
| 2:52 | Create | Villager (Male) |
| 2:59 | Build | House |
| 3:35 | Create | Villager (Male) |
| 4:05 | Build | Mill |
| 4:09 | Create | Villager (Male) |
| 5:03 | Create | Villager (Male) |
| 5:44 | Create | Villager (Male) |
| 6:00 | Create | Villager (Male) |
| 6:02 | Build | House |
| 6:18 | Create | Villager (Male) |
| 6:45 | Create | Villager (Male) |
| 6:52 | Build | Lumber Camp |
| 7:14 | Create | Villager (Male) |
| 7:36 | Create | Villager (Male) |
| 8:12 | Create | Villager (Male) |
| 8:19 | Build | Mining Camp |
| 8:38 | Research | Feudal Age |
| 9:29 | Build | House |
| 10:10 | Build | Palisade Wall |
| 10:35 | Create | Villager (Male) |
| 10:56 | Age | Feudal Age |
| 11:00 | Build | Market |
| 11:02 | Build | Blacksmith |
| 12:14 | Research | Castle Age |
| 12:30 | Build | House |
| 12:53 | Research | Double-Bit Axe |
| 14:00 | Research | Horse Collar |
| 14:02 | Create | Villager (Male) |
| 14:54 | Age | Castle Age |
| 15:01 | Build | Town Center |
| 15:05 | Build | Town Center |
| 15:11 | Research | Bow Saw |
| 15:12 | Create | Villager (Male) |
| 15:22 | Build | Farm |
| 15:23 | Create | Villager (Male) |
| 15:46 | Create | Villager (Male) |
| 15:56 | Create | Villager (Male) |
| 16:02 | Create | Villager (Male) |
| 16:04 | Create | Villager (Male) ×4 |
| 16:13 | Build | Farm |
| 16:14 | Build | Farm |
| 16:21 | Build | House |
| 16:23 | Build | House |
| 16:26 | Build | Farm |
| 16:34 | Build | Farm |
| 16:37 | Build | Farm |
| 16:45 | Build | Farm |
| 16:49 | Build | Farm |
| 16:52 | Create | Villager (Male) ×2 |
| 16:56 | Build | Farm |
| 17:00 | Build | Farm |
| 17:00 | Create | Villager (Male) |
| 17:02 | Build | Farm |
| 17:11 | Build | Farm |
| 17:23 | Create | Villager (Male) |
| 17:23 | Create | Villager (Male) |
| 17:30 | Build | Farm |
| 17:33 | Build | Farm |
| 17:35 | Build | Farm |
| 17:40 | Create | Villager (Male) |
| 17:42 | Build | House |
| 17:49 | Build | Farm |
| 17:58 | Build | Farm |
| 17:59 | Create | Villager (Male) |
| 18:00 | Build | Farm |
| 18:07 | Build | Farm |
| 18:09 | Build | Farm |
| 18:10 | Create | Villager (Male) |
| 18:12 | Build | House |
| 18:16 | Create | Villager (Male) |
| 18:19 | Build | Farm |
| 18:31 | Build | Farm |
| 18:35 | Build | Farm |
| 18:37 | Create | Villager (Male) |
| 18:39 | Build | Farm |
| 18:42 | Create | Villager (Male) |
| 18:51 | Create | Villager (Male) |
| 18:53 | Build | House |
| 18:56 | Build | Farm |
| 18:58 | Build | Farm |
| 19:02 | Create | Villager (Male) |
| 19:02 | Create | Villager (Male) |
| 19:06 | Build | Farm |
| 19:06 | Create | Villager (Male) |
| 19:06 | Create | Villager (Male) |
| 19:11 | Create | Villager (Male) |
| 19:12 | Create | Villager (Male) |
| 19:19 | Create | Villager (Male) |
| 19:23 | Build | House |
| 19:36 | Create | Villager (Male) |
| 19:39 | Create | Villager (Male) |
| 19:39 | Create | Villager (Male) |
| 19:40 | Create | Villager (Male) |
| 19:48 | Build | Town Center |
| 19:48 | Create | Villager (Male) |
| 19:53 | Build | House |
| 19:57 | Create | Villager (Male) |
| 20:06 | Build | Farm |
| 20:08 | Create | Villager (Male) ×2 |
| 20:14 | Create | Villager (Male) |
| 20:21 | Build | House |
| 20:22 | Build | House |
| 20:37 | Research | Wheelbarrow |
| 20:38 | Create | Villager (Male) |
| 20:44 | Build | Farm |
| 20:46 | Create | Villager (Male) |
| 20:48 | Build | Mining Camp |
| 20:52 | Build | Farm |
| 20:52 | Create | Villager (Male) |
| 20:55 | Build | Farm |
| 21:00 | Create | Villager (Male) |
| 21:04 | Create | Villager (Male) |
| 21:04 | Create | Villager (Male) |
| 21:09 | Create | Villager (Male) |
| 21:10 | Create | Villager (Male) |
| 21:16 | Create | Villager (Male) |
| 21:24 | Build | House |
| 21:25 | Build | House |
| 21:28 | Create | Villager (Male) |
| 21:32 | Build | Farm |
| 21:38 | Build | Farm |
| 21:38 | Create | Villager (Male) ×2 |
| 21:39 | Create | Villager (Male) |
| 21:45 | Build | Farm |
| 21:56 | Research | Heavy Plow |
| 21:56 | Research | Heavy Plow |
| 22:04 | Create | Villager (Male) |
| 22:10 | Research | Gold Mining |
| 22:10 | Research | Gold Mining |
| 22:14 | Build | Lumber Camp |
| 22:15 | Create | Villager (Male) |
| 22:15 | Create | Villager (Male) |
| 22:26 | Build | House |
| 22:26 | Create | Villager (Male) |
| 22:32 | Create | Villager (Male) |
| 22:39 | Create | Villager (Male) ×3 |
Build order — René
First 150 of 471 actions detected
| 0:02 | Build | House |
| 0:03 | Build | House |
| 0:03 | Create | Villager (Male) |
| 0:03 | Create | Villager (Male) |
| 0:04 | Create | Villager (Male) |
| 0:25 | Create | Villager (Male) |
| 1:23 | Research | Loom |
| 1:41 | Create | Villager (Male) |
| 1:41 | Create | Villager (Male) |
| 2:03 | Build | Palisade Wall |
| 2:43 | Build | House |
| 2:52 | Create | Villager (Male) |
| 4:08 | Create | Villager (Male) |
| 4:51 | Create | Villager (Male) |
| 5:05 | Build | House |
| 5:19 | Create | Villager (Male) |
| 5:47 | Create | Villager (Male) |
| 5:47 | Create | Villager (Male) |
| 6:34 | Create | Villager (Male) |
| 6:36 | Build | Lumber Camp |
| 6:47 | Create | Villager (Male) |
| 7:18 | Create | Villager (Male) |
| 7:34 | Build | House |
| 7:46 | Create | Villager (Male) |
| 8:04 | Create | Villager (Male) |
| 8:16 | Build | Dock |
| 8:40 | Create | Villager (Male) |
| 8:53 | Build | Mill |
| 8:54 | Create | Villager (Male) |
| 9:08 | Create | Villager (Male) |
| 9:20 | Build | House |
| 9:53 | Create | Villager (Male) |
| 9:55 | Create | Fishing Ship |
| 9:55 | Create | Fishing Ship |
| 10:23 | Build | Palisade Wall |
| 10:24 | Create | Villager (Male) |
| 10:52 | Build | Palisade Wall |
| 10:53 | Build | Palisade Wall |
| 10:53 | Build | Palisade Wall |
| 10:54 | Build | Palisade Wall |
| 11:03 | Build | House |
| 11:04 | Create | Villager (Male) |
| 11:20 | Build | Barracks |
| 11:28 | Build | Palisade Wall |
| 11:28 | Build | Palisade Wall |
| 11:45 | Create | Villager (Male) |
| 11:45 | Create | Villager (Male) |
| 11:57 | Build | Palisade Wall |
| 12:11 | Create | Fishing Ship |
| 12:11 | Create | Fishing Ship |
| 12:16 | Build | Mining Camp |
| 12:35 | Create | Villager (Male) |
| 12:37 | Build | House |
| 12:52 | Build | Dock |
| 12:56 | Build | Farm |
| 12:57 | Build | Farm |
| 12:57 | Build | Farm |
| 12:59 | Create | Villager (Male) |
| 13:02 | Build | Farm |
| 13:21 | Create | Villager (Male) |
| 13:24 | Build | Farm |
| 13:39 | Build | Farm |
| 13:49 | Build | Farm |
| 13:51 | Create | Villager (Male) |
| 14:07 | Build | Farm |
| 14:10 | Create | Villager (Male) |
| 14:16 | Build | House |
| 14:42 | Research | Feudal Age |
| 14:50 | Build | Mining Camp |
| 15:27 | Create | Fishing Ship |
| 15:28 | Create | Fishing Ship |
| 16:22 | Build | Dock |
| 16:26 | Create | Villager (Male) |
| 16:47 | Create | Villager (Male) |
| 16:52 | Age | Feudal Age |
| 16:55 | Build | Market |
| 16:59 | Build | Blacksmith |
| 17:03 | Build | Fish Trap |
| 17:29 | Build | Lumber Camp |
| 17:43 | Research | Castle Age |
| 18:03 | Build | Fish Trap |
| 18:12 | Build | House |
| 18:25 | Build | Fish Trap |
| 18:30 | Create | Villager (Male) |
| 18:43 | Research | Double-Bit Axe |
| 18:47 | Build | Fish Trap |
| 19:05 | Build | Fish Trap |
| 19:10 | Build | Fish Trap |
| 19:26 | Create | Villager (Male) |
| 19:29 | Research | Tech 906 |
| 19:30 | Create | Fishing Ship |
| 19:42 | Create | Fishing Ship |
| 20:20 | Build | Fish Trap |
| 20:23 | Create | Fishing Ship |
| 20:23 | Age | Castle Age |
| 20:25 | Research | Bow Saw |
| 20:26 | Create | Villager (Male) |
| 20:42 | Create | Demolition Raft |
| 20:46 | Create | Fishing Ship |
| 20:52 | Create | Villager (Male) |
| 20:55 | Build | House |
| 20:56 | Build | House |
| 21:07 | Create | Fishing Ship |
| 21:07 | Research | Gillnets |
| 21:28 | Build | Dock |
| 21:34 | Create | Fishing Ship |
| 21:35 | Create | Villager (Male) |
| 21:41 | Build | House |
| 21:42 | Build | House |
| 21:53 | Build | House |
| 21:54 | Build | House |
| 22:04 | Create | Fishing Ship |
| 22:08 | Build | Fish Trap |
| 22:17 | Create | Villager (Male) |
| 22:18 | Create | Fishing Ship |
| 22:30 | Create | Fishing Ship |
| 22:30 | Create | Fishing Ship |
| 22:42 | Create | Villager (Male) |
| 22:45 | Build | Fish Trap |
| 22:53 | Build | Fish Trap |
| 23:07 | Build | Castle |
| 23:12 | Create | Villager (Male) |
| 23:20 | Build | Fish Trap |
| 23:23 | Build | Fish Trap |
| 23:26 | Create | Fishing Ship |
| 23:32 | Create | Villager (Male) |
| 23:35 | Build | Fish Trap |
| 23:43 | Create | Fishing Ship |
| 23:56 | Create | Fishing Ship |
| 24:17 | Create | Villager (Male) |
| 24:24 | Build | Fish Trap |
| 24:27 | Build | Fish Trap |
| 24:37 | Create | Villager (Male) |
| 24:45 | Build | Mining Camp |
| 24:48 | Create | Fishing Ship |
| 24:49 | Create | Fishing Ship |
| 24:56 | Build | Fish Trap |
| 24:58 | Create | Villager (Male) |
| 25:15 | Research | Imperial Age |
| 25:17 | Create | Longbowman |
| 25:41 | Create | Longbowman |
| 25:46 | Build | Fish Trap |
| 25:47 | Build | Fish Trap |
| 25:48 | Build | Fish Trap |
| 25:54 | Create | Longbowman |
| 25:59 | Create | Longbowman |
| 26:05 | Research | Fletching |
| 26:11 | Build | Fish Trap |
| 26:18 | Build | Fish Trap |
| 26:32 | Create | Longbowman |
Build order — _GeeK_
First 150 of 610 actions detected
| 0:01 | Create | Villager (Male) |
| 0:01 | Create | Villager (Male) |
| 0:02 | Create | Villager (Male) |
| 0:02 | Create | Villager (Male) |
| 0:02 | Create | Villager (Male) |
| 0:04 | Build | House |
| 0:06 | Build | House |
| 1:13 | Build | Palisade Wall |
| 1:19 | Research | Loom |
| 1:37 | Create | Villager (Male) |
| 1:38 | Create | Villager (Male) |
| 2:09 | Create | Villager (Male) |
| 2:22 | Create | Villager (Male) |
| 2:23 | Create | Villager (Male) |
| 2:41 | Build | Lumber Camp |
| 2:44 | Create | Villager (Male) |
| 3:18 | Create | Villager (Male) |
| 3:42 | Create | Villager (Male) |
| 3:42 | Create | Villager (Male) |
| 3:49 | Create | Villager (Male) |
| 3:49 | Create | Villager (Male) |
| 4:44 | Build | House |
| 4:52 | Create | Villager (Male) |
| 4:53 | Create | Villager (Male) |
| 5:09 | Create | Villager (Male) |
| 5:09 | Create | Villager (Male) |
| 5:39 | Build | Mill |
| 5:53 | Create | Villager (Male) |
| 5:53 | Create | Villager (Male) |
| 5:54 | Create | Villager (Male) |
| 6:01 | Create | Villager (Male) |
| 6:01 | Create | Villager (Male) |
| 6:24 | Build | House |
| 6:36 | Create | Villager (Male) |
| 6:36 | Create | Villager (Male) |
| 7:01 | Create | Villager (Male) |
| 8:08 | Build | House |
| 8:34 | Create | Villager (Male) |
| 9:44 | Research | Feudal Age |
| 9:56 | Build | Mining Camp |
| 10:04 | Create | Villager (Male) |
| 10:04 | Create | Villager (Male) |
| 10:55 | Build | Farm |
| 10:59 | Build | Farm |
| 11:01 | Build | Farm |
| 11:09 | Build | Dock |
| 11:54 | Age | Feudal Age |
| 11:57 | Build | Market |
| 12:01 | Build | Blacksmith |
| 12:07 | Build | House |
| 12:12 | Create | Fishing Ship |
| 12:36 | Build | Stone Wall |
| 12:39 | Create | Villager (Male) |
| 12:49 | Build | Mining Camp |
| 12:53 | Create | Fishing Ship |
| 13:00 | Research | Castle Age |
| 13:32 | Research | Double-Bit Axe |
| 13:34 | Create | Fishing Ship |
| 13:42 | Build | House |
| 15:11 | Create | Fishing Ship |
| 15:31 | Build | Outpost |
| 15:42 | Create | Villager (Male) |
| 15:49 | Age | Castle Age |
| 15:55 | Build | Town Center |
| 16:05 | Build | Town Center |
| 16:08 | Create | Villager (Male) |
| 16:10 | Research | Bow Saw |
| 16:12 | Research | Horse Collar |
| 16:28 | Build | House |
| 16:30 | Build | House |
| 16:35 | Create | Villager (Male) |
| 16:52 | Build | Monastery |
| 16:57 | Create | Villager (Male) |
| 17:19 | Create | Villager (Male) |
| 17:23 | Create | Villager (Male) |
| 17:25 | Create | Villager (Male) |
| 17:29 | Create | Villager (Male) |
| 17:30 | Create | Villager (Male) |
| 17:39 | Create | Monk |
| 17:53 | Create | Villager (Male) |
| 17:54 | Create | Villager (Male) |
| 17:54 | Create | Villager (Male) |
| 17:58 | Build | Farm |
| 18:00 | Build | Farm |
| 18:08 | Build | Fish Trap |
| 18:16 | Create | Villager (Male) |
| 18:16 | Create | Villager (Male) |
| 18:18 | Create | Villager (Male) |
| 18:39 | Build | Stone Wall |
| 18:43 | Build | Stone Wall |
| 18:50 | Build | Siege Workshop |
| 19:01 | Create | Villager (Male) |
| 19:01 | Create | Villager (Male) |
| 19:02 | Create | Villager (Male) |
| 19:09 | Build | Fish Trap |
| 19:11 | Build | Fish Trap |
| 19:16 | Create | Fishing Ship |
| 19:20 | Create | Monk |
| 19:35 | Create | Mangonel |
| 19:45 | Build | Building 490 |
| 19:47 | Create | Villager (Male) |
| 19:47 | Create | Villager (Male) |
| 19:53 | Build | Farm |
| 19:55 | Build | Farm |
| 19:56 | Build | Farm |
| 19:57 | Build | Farm |
| 20:00 | Build | Farm |
| 20:12 | Build | Farm |
| 20:12 | Build | Farm |
| 20:12 | Build | Farm |
| 20:15 | Build | Farm |
| 20:16 | Build | Farm |
| 20:17 | Create | Villager (Male) |
| 20:20 | Build | Farm |
| 20:24 | Create | Mangonel |
| 20:50 | Create | Villager (Male) |
| 20:50 | Create | Villager (Male) |
| 20:56 | Build | Farm |
| 20:57 | Build | Farm |
| 21:30 | Create | Villager (Male) |
| 21:30 | Create | Villager (Male) |
| 21:31 | Create | Villager (Male) |
| 21:32 | Create | Villager (Male) |
| 21:37 | Build | House |
| 21:41 | Build | House |
| 21:41 | Build | House |
| 21:41 | Build | House |
| 21:42 | Build | House |
| 21:45 | Build | Fish Trap |
| 21:47 | Build | Fish Trap |
| 21:59 | Create | Villager (Male) |
| 21:59 | Create | Villager (Male) |
| 22:01 | Create | Villager (Male) |
| 22:09 | Build | Farm |
| 22:11 | Build | Farm |
| 22:14 | Build | Farm |
| 22:16 | Build | Farm |
| 22:17 | Create | Villager (Male) |
| 22:17 | Create | Villager (Male) |
| 22:31 | Create | Villager (Male) |
| 22:35 | Build | Farm |
| 22:37 | Build | Farm |
| 22:38 | Build | Farm |
| 22:46 | Create | Villager (Male) |
| 22:47 | Create | Villager (Male) |
| 22:53 | Build | Farm |
| 22:54 | Build | Farm |
| 23:00 | Build | Farm |
| 23:03 | Build | Farm |
| 23:04 | Create | Villager (Male) |
Build order — AutoCAD
First 150 of 563 actions detected
| 0:03 | Create | Villager (Male) ×5 |
| 0:05 | Build | House |
| 0:06 | Build | House |
| 1:12 | Create | Villager (Male) |
| 2:00 | Create | Villager (Male) |
| 2:26 | Create | Villager (Male) |
| 2:51 | Create | Villager (Male) |
| 2:52 | Create | Villager (Male) |
| 3:02 | Build | Lumber Camp |
| 3:21 | Create | Villager (Male) |
| 3:33 | Create | Villager (Male) |
| 3:42 | Build | House |
| 4:10 | Create | Villager (Male) |
| 5:12 | Create | Villager (Male) |
| 5:13 | Create | Villager (Male) |
| 5:13 | Create | Villager (Male) |
| 5:18 | Create | Villager (Male) |
| 5:19 | Create | Villager (Male) |
| 6:01 | Create | Villager (Male) |
| 6:22 | Build | Mill |
| 6:22 | Create | Villager (Male) |
| 6:23 | Create | Villager (Male) |
| 6:55 | Build | House |
| 7:59 | Create | Villager (Male) |
| 8:12 | Research | Loom |
| 8:31 | Build | Lumber Camp |
| 8:35 | Research | Feudal Age |
| 9:26 | Create | Villager (Male) |
| 9:38 | Build | Dock |
| 10:23 | Build | House |
| 10:45 | Age | Feudal Age |
| 10:49 | Build | Stone Wall |
| 10:52 | Create | Fishing Ship |
| 10:54 | Research | Double-Bit Axe |
| 10:55 | Research | Horse Collar |
| 11:08 | Build | Stone Wall |
| 11:10 | Build | Stone Wall |
| 11:16 | Create | Villager (Male) |
| 11:19 | Build | House |
| 11:22 | Create | Villager (Male) |
| 11:35 | Create | Fishing Ship |
| 11:36 | Create | Fishing Ship |
| 11:36 | Create | Fishing Ship |
| 11:49 | Create | Villager (Male) |
| 11:56 | Build | Mining Camp |
| 12:12 | Create | Villager (Male) |
| 12:12 | Create | Villager (Male) |
| 12:19 | Build | Dock |
| 12:23 | Create | Villager (Male) |
| 12:55 | Create | Fishing Ship |
| 13:02 | Build | House |
| 13:15 | Build | Stone Wall |
| 13:19 | Build | House |
| 13:21 | Build | House |
| 13:22 | Create | Villager (Male) |
| 13:33 | Build | Blacksmith |
| 13:36 | Create | Fishing Ship |
| 13:38 | Build | Fish Trap |
| 13:49 | Build | House |
| 13:50 | Build | House |
| 13:53 | Create | Villager (Male) |
| 14:03 | Build | Fish Trap |
| 14:11 | Build | House |
| 14:16 | Build | House |
| 14:23 | Create | Villager (Male) |
| 14:23 | Create | Villager (Male) |
| 14:24 | Create | Fishing Ship |
| 14:24 | Create | Fishing Ship |
| 14:38 | Build | Fish Trap |
| 14:42 | Build | Fish Trap |
| 14:49 | Create | Villager (Male) |
| 14:49 | Create | Villager (Male) |
| 14:59 | Build | Fish Trap |
| 15:03 | Build | Fish Trap |
| 15:05 | Create | Villager (Male) |
| 15:06 | Create | Villager (Male) |
| 15:12 | Build | House |
| 15:13 | Create | Villager (Male) |
| 15:17 | Create | Fishing Ship |
| 15:17 | Create | Fishing Ship |
| 15:35 | Build | Fish Trap |
| 16:00 | Build | Market |
| 16:16 | Create | Fishing Ship |
| 16:17 | Create | Fishing Ship |
| 16:24 | Build | Fish Trap |
| 16:38 | Build | Fish Trap |
| 16:43 | Create | Fishing Ship |
| 16:44 | Create | Villager (Male) |
| 16:54 | Research | Wheelbarrow |
| 17:03 | Build | Barracks |
| 17:13 | Build | Lumber Camp |
| 17:26 | Create | Fishing Ship |
| 17:26 | Create | Fishing Ship |
| 17:57 | Research | Castle Age |
| 17:59 | Create | Fishing Ship |
| 17:59 | Create | Fishing Ship |
| 18:00 | Create | Fishing Ship |
| 18:00 | Create | Fishing Ship |
| 18:16 | Build | Fish Trap |
| 18:22 | Build | Fish Trap |
| 18:34 | Build | House |
| 18:35 | Build | House |
| 18:37 | Create | Villager (Male) |
| 18:44 | Build | Fish Trap |
| 18:50 | Build | Fish Trap |
| 18:52 | Build | Fish Trap |
| 19:04 | Create | Villager (Male) |
| 19:15 | Build | Fish Trap |
| 19:40 | Build | Fish Trap |
| 19:43 | Research | Horse Collar |
| 19:49 | Build | House |
| 19:49 | Build | House |
| 19:52 | Research | Gold Mining |
| 19:57 | Create | Villager (Male) |
| 20:10 | Build | Stable |
| 20:22 | Age | Castle Age |
| 20:25 | Build | Town Center |
| 20:41 | Build | Town Center |
| 20:44 | Research | Bow Saw |
| 20:47 | Build | Farm |
| 20:53 | Build | Farm |
| 20:53 | Build | Farm |
| 20:53 | Build | Farm |
| 20:54 | Build | Farm |
| 20:57 | Research | Tech 906 |
| 21:06 | Build | House |
| 21:09 | Create | Villager (Male) |
| 21:19 | Build | Farm |
| 21:25 | Create | Villager (Male) |
| 21:33 | Build | Farm |
| 21:34 | Create | Villager (Male) |
| 21:42 | Create | Villager (Male) |
| 21:49 | Create | Villager (Male) |
| 21:49 | Create | Villager (Male) |
| 21:54 | Build | Farm |
| 21:54 | Build | Farm |
| 21:54 | Build | Farm |
| 21:55 | Build | Farm |
| 21:55 | Build | Farm |
| 21:56 | Build | Farm |
| 21:57 | Research | Heavy Plow |
| 21:58 | Create | Villager (Male) |
| 22:00 | Build | Farm |
| 22:03 | Create | Villager (Male) |
| 22:13 | Create | Villager (Male) |
| 22:25 | Build | Monastery |
| 22:27 | Create | Villager (Male) |
| 22:34 | Build | Farm |
| 22:35 | Create | Villager (Male) |
| 22:35 | Create | Villager (Male) |
Build order — Mr Diniz
First 150 of 763 actions detected
| 0:02 | Research | Loom |
| 0:03 | Create | Villager (Male) |
| 0:03 | Create | Villager (Male) |
| 0:03 | Create | Villager (Male) |
| 0:03 | Create | Villager (Male) |
| 0:04 | Create | Villager (Male) |
| 0:09 | Build | House |
| 0:20 | Create | Villager (Male) |
| 0:21 | Create | Villager (Male) |
| 1:55 | Build | House |
| 3:10 | Create | Villager (Male) |
| 3:11 | Create | Villager (Male) |
| 3:50 | Create | Villager (Male) |
| 3:50 | Create | Villager (Male) |
| 3:51 | Create | Villager (Male) |
| 4:10 | Build | Palisade Wall |
| 4:16 | Create | Villager (Male) |
| 4:17 | Create | Villager (Male) |
| 4:25 | Create | Villager (Male) |
| 4:46 | Create | Villager (Male) |
| 4:46 | Create | Villager (Male) |
| 5:23 | Create | Villager (Male) |
| 5:23 | Create | Villager (Male) |
| 5:34 | Create | Villager (Male) |
| 5:34 | Create | Villager (Male) |
| 5:42 | Build | Palisade Wall |
| 5:42 | Build | Palisade Wall |
| 5:45 | Build | Palisade Wall |
| 5:47 | Build | Palisade Wall |
| 6:00 | Create | Villager (Male) |
| 6:06 | Build | House |
| 6:12 | Build | Palisade Wall |
| 6:15 | Build | Palisade Wall |
| 6:16 | Build | Palisade Wall |
| 6:29 | Build | Palisade Wall |
| 6:32 | Create | Villager (Male) |
| 6:34 | Create | Villager (Male) |
| 6:48 | Create | Villager (Male) |
| 6:50 | Create | Villager (Male) |
| 6:50 | Create | Villager (Male) |
| 6:50 | Create | Villager (Male) |
| 7:08 | Build | Lumber Camp |
| 7:23 | Create | Villager (Male) |
| 7:23 | Create | Villager (Male) |
| 7:24 | Create | Villager (Male) |
| 7:41 | Create | Villager (Male) |
| 7:42 | Create | Villager (Male) |
| 8:17 | Build | House |
| 8:38 | Create | Villager (Male) |
| 9:04 | Build | Dock |
| 9:16 | Build | Palisade Wall |
| 9:28 | Build | Palisade Wall |
| 10:04 | Create | Villager (Male) |
| 10:18 | Build | Mill |
| 10:24 | Create | Villager (Male) |
| 10:35 | Create | Fishing Ship |
| 10:35 | Create | Fishing Ship |
| 10:35 | Create | Fishing Ship |
| 11:03 | Build | House |
| 11:05 | Create | Villager (Male) |
| 11:52 | Research | Feudal Age |
| 12:14 | Build | Lumber Camp |
| 12:17 | Create | Fishing Ship |
| 12:17 | Create | Fishing Ship |
| 12:45 | Build | Palisade Wall |
| 12:50 | Build | Palisade Wall |
| 13:05 | Build | Dock |
| 13:09 | Build | House |
| 13:31 | Create | Fishing Ship |
| 13:39 | Create | Villager (Male) |
| 13:41 | Build | House |
| 13:51 | Build | House |
| 13:55 | Build | Mining Camp |
| 14:15 | Build | Lumber Camp |
| 14:21 | Create | Fishing Ship |
| 14:21 | Create | Fishing Ship |
| 14:26 | Age | Feudal Age |
| 14:28 | Research | Double-Bit Axe |
| 14:28 | Research | Double-Bit Axe |
| 14:35 | Create | Villager (Male) |
| 14:39 | Build | Stone Wall |
| 14:41 | Build | Stone Wall |
| 14:48 | Build | Stone Wall |
| 14:49 | Build | Stone Wall |
| 14:52 | Create | Villager (Male) |
| 14:54 | Research | Town Watch |
| 14:55 | Research | Tech 906 |
| 14:55 | Research | Tech 906 |
| 15:01 | Research | Tech 906 |
| 15:02 | Create | Fishing Ship |
| 15:02 | Create | Fishing Ship |
| 15:05 | Create | Villager (Male) |
| 15:13 | Create | Fishing Ship |
| 15:13 | Create | Fishing Ship |
| 15:29 | Build | Fish Trap |
| 15:38 | Build | Fish Trap |
| 15:51 | Create | Villager (Male) |
| 16:04 | Build | Fish Trap |
| 16:08 | Create | Fishing Ship |
| 16:09 | Create | Fishing Ship |
| 16:11 | Create | Villager (Male) |
| 16:18 | Create | Fishing Ship |
| 16:18 | Create | Fishing Ship |
| 16:21 | Create | Villager (Male) |
| 16:28 | Create | Fishing Ship |
| 16:28 | Create | Fishing Ship |
| 16:44 | Create | Villager (Male) |
| 16:49 | Build | Blacksmith |
| 17:05 | Build | Fish Trap |
| 17:24 | Build | Fish Trap |
| 17:36 | Create | Fishing Ship |
| 17:36 | Create | Fishing Ship |
| 17:36 | Create | Fishing Ship |
| 17:37 | Create | Villager (Male) |
| 17:37 | Create | Villager (Male) |
| 17:45 | Build | House |
| 17:53 | Build | Market |
| 18:05 | Create | Fishing Ship |
| 18:05 | Create | Fishing Ship |
| 18:15 | Build | Fish Trap |
| 18:28 | Build | Fish Trap |
| 18:44 | Build | Mining Camp |
| 18:46 | Create | Villager (Male) |
| 18:52 | Build | House |
| 19:04 | Build | Fish Trap |
| 19:10 | Build | Fish Trap |
| 19:24 | Build | Fish Trap |
| 19:42 | Research | Castle Age |
| 19:42 | Research | Castle Age |
| 19:49 | Build | Fish Trap |
| 19:56 | Create | Fishing Ship ×2 |
| 19:56 | Create | Fishing Ship ×2 |
| 20:23 | Create | Fishing Ship |
| 20:23 | Create | Fishing Ship |
| 20:25 | Build | Fish Trap |
| 20:42 | Build | Fish Trap |
| 20:53 | Build | Mining Camp |
| 20:57 | Build | House |
| 21:11 | Build | Fish Trap |
| 21:31 | Build | Fish Trap |
| 21:49 | Build | Fish Trap |
| 21:51 | Create | Villager (Male) |
| 21:52 | Create | Villager (Male) |
| 22:22 | Age | Castle Age |
| 22:44 | Build | Castle |
| 22:49 | Build | Monastery |
| 22:50 | Create | Villager (Male) |
| 23:02 | Build | Lumber Camp |
| 23:13 | Create | Fishing Ship |
| 23:13 | Create | Fishing Ship |
Match timeline
| 0:59 | Getsuga Tensho · wall_segment Palisade Wall x5 |
| 1:02 | Getsuga Tensho · wall_segment Palisade Wall x1 |
| 1:08 | Getsuga Tensho · wall_segment Palisade Wall x1 |
| 1:10 | Getsuga Tensho · wall_segment Palisade Wall x1 |
| 1:12 | Getsuga Tensho · wall_segment Palisade Wall x1 |
| 1:13 | _GeeK_ · wall_segment Palisade Wall x15 |
| 1:14 | Getsuga Tensho · wall_segment Palisade Wall x1 |
| 2:03 | René · wall_segment Palisade Wall x13 |
| 4:10 | Mr Diniz · wall_segment Palisade Wall x5 |
| 4:50 | Getsuga Tensho · wall_segment Palisade Wall x17 |
| 5:29 | Getsuga Tensho · wall_segment Palisade Wall x8 |
| 5:42 | Mr Diniz · wall_segment Palisade Wall x1 |
| 5:42 | Mr Diniz · wall_segment Palisade Wall x1 |
| 5:45 | Mr Diniz · wall_segment Palisade Wall x1 |
| 5:47 | Mr Diniz · wall_segment Palisade Wall x1 |
| 6:12 | Mr Diniz · wall_segment Palisade Wall x2 |
| 6:15 | Mr Diniz · wall_segment Palisade Wall x1 |
| 6:16 | Mr Diniz · wall_segment Palisade Wall x1 |
| 6:29 | Mr Diniz · wall_segment Palisade Wall x1 |
| 6:58 | Twitch/SyMess · first_building Dock |
| 8:15 | Getsuga Tensho · wall_segment Palisade Wall x1 |
| 8:16 | René · first_building Dock |
| 8:51 | Getsuga Tensho · first_building Dock |
| 9:04 | Mr Diniz · first_building Dock |
| 9:16 | Mr Diniz · wall_segment Palisade Wall x9 |
| 9:28 | Mr Diniz · wall_segment Palisade Wall x9 |
| 9:38 | AutoCAD · first_building Dock |
| 10:10 | Cc · wall_segment Palisade Wall x1 |
| 10:23 | René · wall_segment Palisade Wall x10 |
| 10:45 | AutoCAD · age_up feudal |
| 10:49 | AutoCAD · wall_segment Stone Wall x2 |
| 10:52 | René · wall_segment Palisade Wall x1 |
| 10:53 | René · wall_segment Palisade Wall x1 |
| 10:53 | René · wall_segment Palisade Wall x1 |
| 10:54 | René · wall_segment Palisade Wall x1 |
| 10:56 | Cc · age_up feudal |
| 11:05 | NSK.Kalupso · age_up feudal |
| 11:08 | AutoCAD · wall_segment Stone Wall x3 |
| 11:09 | _GeeK_ · first_building Dock |
| 11:10 | AutoCAD · wall_segment Stone Wall x7 |
| 11:20 | René · first_building Barracks |
| 11:28 | René · wall_segment Palisade Wall x1 |
| 11:28 | René · wall_segment Palisade Wall x1 |
| 11:54 | _GeeK_ · age_up feudal |
| 11:57 | René · wall_segment Palisade Wall x2 |
| 11:58 | Twitch/SyMess · age_up feudal |
| 12:17 | Twitch/SyMess · wall_segment Palisade Wall x1 |
| 12:18 | Twitch/SyMess · wall_segment Palisade Wall x1 |
| 12:19 | Twitch/SyMess · wall_segment Palisade Wall x1 |
| 12:20 | Twitch/SyMess · wall_segment Palisade Wall x1 |
| 12:21 | Twitch/SyMess · wall_segment Palisade Wall x1 |
| 12:36 | _GeeK_ · wall_segment Stone Wall x14 |
| 12:45 | Mr Diniz · wall_segment Palisade Wall x2 |
| 12:50 | Mr Diniz · wall_segment Palisade Wall x8 |
| 12:56 | Getsuga Tensho · age_up feudal |
| 12:58 | Getsuga Tensho · wall_segment Stone Wall x5 |
| 13:03 | Getsuga Tensho · wall_segment Stone Wall x4 |
| 13:03 | Getsuga Tensho · wall_segment Stone Wall x1 |
| 13:15 | AutoCAD · wall_segment Stone Wall x1 |
| 13:43 | Getsuga Tensho · wall_segment Stone Wall x1 |
| 13:44 | Getsuga Tensho · wall_segment Stone Wall x4 |
| 13:45 | Getsuga Tensho · wall_segment Stone Wall x4 |
| 13:48 | Getsuga Tensho · wall_segment Stone Wall x12 |
| 13:51 | Getsuga Tensho · wall_segment Stone Wall x1 |
| 14:08 | NSK.Kalupso · first_market_buy 100 stone |
| 14:26 | Mr Diniz · age_up feudal |
| 14:35 | NSK.Kalupso · age_up castle |
| 14:39 | Mr Diniz · wall_segment Stone Wall x2 |
| 14:41 | Mr Diniz · wall_segment Stone Wall x11 |
| 14:45 | Twitch/SyMess · first_market_sell 100 food |
| 14:48 | Mr Diniz · wall_segment Stone Wall x2 |
| 14:49 | Mr Diniz · wall_segment Stone Wall x18 |
| 14:54 | Cc · age_up castle |
| 15:49 | _GeeK_ · age_up castle |
| 16:52 | Cc · first_market_buy 100 food |
| 16:52 | _GeeK_ · first_building Monastery |
| 16:52 | René · age_up feudal |
| 17:03 | AutoCAD · first_building Barracks |
| 17:08 | Getsuga Tensho · age_up castle |
| 17:25 | Twitch/SyMess · age_up castle |
| 17:31 | Getsuga Tensho · first_building Castle |
| 17:35 | NSK.Kalupso · first_market_sell 100 wood |
| 18:39 | _GeeK_ · wall_segment Stone Wall x8 |
| 18:43 | _GeeK_ · wall_segment Stone Wall x10 |
| 18:50 | _GeeK_ · first_building Siege Workshop |
| 18:57 | Twitch/SyMess · first_building Barracks |
| 19:28 | Mr Diniz · first_market_buy 100 food |
| 19:59 | Twitch/SyMess · first_building Stable |
| 20:10 | AutoCAD · first_building Stable |
| 20:22 | AutoCAD · age_up castle |
| 20:23 | René · age_up castle |
| 20:29 | NSK.Kalupso · first_building Monastery |
| 20:38 | AutoCAD · first_market_buy 100 stone |
| 21:22 | Getsuga Tensho · first_market_buy 100 wood |
| 21:24 | Getsuga Tensho · first_building Siege Workshop |
| 22:21 | NSK.Kalupso · first_building Barracks |
| 22:22 | Mr Diniz · age_up castle |
| 22:25 | AutoCAD · first_building Monastery |
| 22:40 | Twitch/SyMess · first_building Monastery |
| 22:44 | Mr Diniz · first_building Castle |
| 22:49 | Mr Diniz · first_building Monastery |
| 22:57 | Cc · first_building Barracks |
| 23:07 | René · first_building Castle |
| 23:48 | Mr Diniz · first_market_sell 100 wood |
| 23:55 | Cc · first_building Archery Range |
| 24:42 | Cc · first_building Monastery |
| 24:50 | Cc · first_building Stable |
| 24:58 | NSK.Kalupso · first_building Stable |
| 25:03 | René · first_market_sell 500 stone |
| 25:58 | AutoCAD · first_building Siege Workshop |
| 26:07 | Cc · first_building Castle |
| 26:21 | _GeeK_ · first_building Castle |
| 26:25 | Twitch/SyMess · first_building Castle |
| 27:19 | Mr Diniz · age_up imperial |
| 27:25 | Twitch/SyMess · first_market_buy 100 food |
| 27:30 | NSK.Kalupso · first_building Castle |
| 27:36 | _GeeK_ · first_market_buy 100 food |
| 27:41 | _GeeK_ · first_market_sell 100 wood |
| 28:09 | René · first_market_buy 100 stone |
| 28:25 | René · age_up imperial |
| 28:43 | Twitch/SyMess · first_building Siege Workshop |
| 29:01 | Cc · age_up imperial |
| 29:02 | NSK.Kalupso · age_up imperial |
| 29:39 | AutoCAD · age_up imperial |
| 30:30 | Mr Diniz · first_building Barracks |
| 31:00 | _GeeK_ · age_up imperial |
| 31:17 | Twitch/SyMess · age_up imperial |
| 31:57 | Getsuga Tensho · age_up imperial |
| 33:32 | NSK.Kalupso · tribute_sent a jugador 2 |
| 33:32 | NSK.Kalupso · tribute_sent a jugador 3 |
| 33:32 | NSK.Kalupso · tribute_sent a jugador 4 |
| 33:32 | NSK.Kalupso · tribute_sent a jugador 5 |
| 33:32 | NSK.Kalupso · tribute_sent a jugador 6 |
| 33:32 | NSK.Kalupso · tribute_sent a jugador 7 |
| 33:32 | NSK.Kalupso · tribute_sent a jugador 8 |
| 33:34 | Cc · first_market_sell 500 food |
| 33:35 | _GeeK_ · first_building Barracks |
| 33:37 | NSK.Kalupso · tribute_sent a jugador 2 |
| 33:37 | NSK.Kalupso · tribute_sent a jugador 3 |
| 33:37 | NSK.Kalupso · tribute_sent a jugador 4 |
| 33:37 | NSK.Kalupso · tribute_sent a jugador 5 |
| 33:37 | NSK.Kalupso · tribute_sent a jugador 6 |
| 33:37 | NSK.Kalupso · tribute_sent a jugador 7 |
| 33:37 | NSK.Kalupso · tribute_sent a jugador 8 |
| 33:43 | AutoCAD · first_building Archery Range |
| 33:57 | Getsuga Tensho · first_building Barracks |
| 35:14 | Cc · tribute_sent a jugador 1 |
| 35:14 | Cc · tribute_sent a jugador 2 |
| 35:14 | Cc · tribute_sent a jugador 3 |
| 35:14 | Cc · tribute_sent a jugador 5 |
| 35:14 | Cc · tribute_sent a jugador 6 |
| 35:14 | Cc · tribute_sent a jugador 7 |
| 35:14 | Cc · tribute_sent a jugador 8 |
| 35:42 | AutoCAD · tribute_sent a jugador 1 |
| 35:42 | AutoCAD · tribute_sent a jugador 2 |
| 35:42 | AutoCAD · tribute_sent a jugador 3 |
| 35:42 | AutoCAD · tribute_sent a jugador 4 |
| 35:42 | AutoCAD · tribute_sent a jugador 5 |
| 35:42 | AutoCAD · tribute_sent a jugador 6 |
| 35:42 | AutoCAD · tribute_sent a jugador 8 |
| 35:56 | Cc · tribute_sent a jugador 1 |
| 35:56 | Cc · tribute_sent a jugador 2 |
| 35:56 | Cc · tribute_sent a jugador 3 |
| 35:56 | Cc · tribute_sent a jugador 5 |
| 35:56 | Cc · tribute_sent a jugador 6 |
| 35:56 | Cc · tribute_sent a jugador 7 |
| 35:56 | Cc · tribute_sent a jugador 8 |
| 36:03 | Twitch/SyMess · tribute_sent a jugador 1 |
| 36:03 | Twitch/SyMess · tribute_sent a jugador 3 |
| 36:03 | Twitch/SyMess · tribute_sent a jugador 4 |
| 36:03 | Twitch/SyMess · tribute_sent a jugador 5 |
| 36:03 | Twitch/SyMess · tribute_sent a jugador 6 |
| 36:03 | Twitch/SyMess · tribute_sent a jugador 7 |
| 36:03 | Twitch/SyMess · tribute_sent a jugador 8 |
| 36:15 | Getsuga Tensho · wall_segment Stone Wall x10 |
| 36:19 | Getsuga Tensho · wall_segment Stone Wall x10 |
| 36:24 | AutoCAD · first_building Castle |
| 36:28 | AutoCAD · wall_segment Stone Wall x12 |
| 36:35 | NSK.Kalupso · wall_segment Stone Wall x3 |
| 36:54 | AutoCAD · wall_segment Stone Wall x13 |
| 37:10 | Cc · tribute_sent a jugador 1 |
| 37:10 | Cc · tribute_sent a jugador 2 |
| 37:10 | Cc · tribute_sent a jugador 3 |
| 37:10 | Cc · tribute_sent a jugador 5 |
| 37:10 | Cc · tribute_sent a jugador 6 |
| 37:10 | Cc · tribute_sent a jugador 7 |
| 37:10 | Cc · tribute_sent a jugador 8 |
| 37:26 | Twitch/SyMess · wall_segment Stone Wall x5 |
| 37:37 | NSK.Kalupso · first_building Archery Range |
| 37:46 | Twitch/SyMess · wall_segment Stone Wall x9 |
| 37:48 | Twitch/SyMess · wall_segment Stone Wall x4 |
| 40:12 | Cc · first_building Siege Workshop |
| 40:22 | Mr Diniz · first_building Siege Workshop |
| 40:51 | NSK.Kalupso · tribute_sent a jugador 2 |
| 40:51 | NSK.Kalupso · tribute_sent a jugador 3 |
| 40:51 | NSK.Kalupso · tribute_sent a jugador 4 |
| 40:51 | NSK.Kalupso · tribute_sent a jugador 5 |
| 40:51 | NSK.Kalupso · tribute_sent a jugador 6 |
| 40:51 | NSK.Kalupso · tribute_sent a jugador 7 |
| 40:51 | NSK.Kalupso · tribute_sent a jugador 8 |
| 40:52 | Twitch/SyMess · tribute_sent a jugador 1 |
| 40:52 | Twitch/SyMess · tribute_sent a jugador 3 |
| 40:52 | Twitch/SyMess · tribute_sent a jugador 4 |
| 40:52 | Twitch/SyMess · tribute_sent a jugador 5 |
| 40:53 | Twitch/SyMess · tribute_sent a jugador 6 |
| 40:53 | Twitch/SyMess · tribute_sent a jugador 7 |
| 40:53 | Twitch/SyMess · tribute_sent a jugador 8 |
| 42:50 | Twitch/SyMess · tribute_sent a jugador 1 |
| 42:50 | Twitch/SyMess · tribute_sent a jugador 3 |
| 42:50 | Twitch/SyMess · tribute_sent a jugador 4 |
| 42:50 | Twitch/SyMess · tribute_sent a jugador 5 |
| 42:50 | Twitch/SyMess · tribute_sent a jugador 6 |
| 42:50 | Twitch/SyMess · tribute_sent a jugador 7 |
| 42:50 | Twitch/SyMess · tribute_sent a jugador 8 |
| 42:59 | NSK.Kalupso · tribute_sent a jugador 2 |
| 42:59 | NSK.Kalupso · tribute_sent a jugador 3 |
| 42:59 | NSK.Kalupso · tribute_sent a jugador 4 |
| 42:59 | NSK.Kalupso · tribute_sent a jugador 5 |
| 42:59 | NSK.Kalupso · tribute_sent a jugador 6 |
| 42:59 | NSK.Kalupso · tribute_sent a jugador 7 |
| 42:59 | NSK.Kalupso · tribute_sent a jugador 8 |
| 44:37 | Cc · wall_segment Palisade Wall x1 |
| 44:42 | AutoCAD · wall_segment Stone Wall x21 |
| 44:43 | Getsuga Tensho · wall_segment Stone Wall x9 |
| 45:20 | Twitch/SyMess · tribute_sent a jugador 1 |
| 45:20 | Twitch/SyMess · tribute_sent a jugador 3 |
| 45:20 | Twitch/SyMess · tribute_sent a jugador 4 |
| 45:20 | Twitch/SyMess · tribute_sent a jugador 5 |
| 45:20 | Twitch/SyMess · tribute_sent a jugador 6 |
| 45:20 | Twitch/SyMess · tribute_sent a jugador 7 |
| 45:20 | Twitch/SyMess · tribute_sent a jugador 8 |
| 46:03 | AutoCAD · wall_segment Stone Wall x11 |
| 46:45 | NSK.Kalupso · tribute_sent a jugador 2 |
| 46:45 | NSK.Kalupso · tribute_sent a jugador 3 |
| 46:45 | NSK.Kalupso · tribute_sent a jugador 4 |
| 46:45 | NSK.Kalupso · tribute_sent a jugador 5 |
| 46:45 | NSK.Kalupso · tribute_sent a jugador 6 |
| 46:45 | NSK.Kalupso · tribute_sent a jugador 7 |
| 46:45 | NSK.Kalupso · tribute_sent a jugador 8 |
| 47:02 | Getsuga Tensho · first_market_sell 100 food |
| 47:37 | NSK.Kalupso · first_building Siege Workshop |
| 49:09 | AutoCAD · wall_segment Stone Wall x9 |
| 49:44 | AutoCAD · wall_segment Stone Wall x5 |
| 50:34 | Getsuga Tensho · first_building Archery Range |
| 50:36 | Twitch/SyMess · tribute_sent a jugador 1 |
| 50:36 | Twitch/SyMess · tribute_sent a jugador 3 |
| 50:36 | Twitch/SyMess · tribute_sent a jugador 4 |
| 50:36 | Twitch/SyMess · tribute_sent a jugador 5 |
| 50:36 | Twitch/SyMess · tribute_sent a jugador 6 |
| 50:36 | Twitch/SyMess · tribute_sent a jugador 7 |
| 50:36 | Twitch/SyMess · tribute_sent a jugador 8 |
| 51:39 | AutoCAD · wall_segment Stone Wall x12 |
| 52:20 | NSK.Kalupso · tribute_sent a jugador 2 |
| 52:20 | NSK.Kalupso · tribute_sent a jugador 3 |
| 52:20 | NSK.Kalupso · tribute_sent a jugador 4 |
| 52:20 | NSK.Kalupso · tribute_sent a jugador 5 |
| 52:20 | NSK.Kalupso · tribute_sent a jugador 6 |
| 52:20 | NSK.Kalupso · tribute_sent a jugador 7 |
| 52:20 | NSK.Kalupso · tribute_sent a jugador 8 |
| 52:30 | Mr Diniz · tribute_sent a jugador 1 |
| 52:30 | Mr Diniz · tribute_sent a jugador 2 |
| 52:30 | Mr Diniz · tribute_sent a jugador 3 |
| 52:30 | Mr Diniz · tribute_sent a jugador 4 |
| 52:30 | Mr Diniz · tribute_sent a jugador 5 |
| 52:30 | Mr Diniz · tribute_sent a jugador 6 |
| 52:30 | Mr Diniz · tribute_sent a jugador 7 |
| 53:27 | _GeeK_ · tribute_sent a jugador 1 |
| 53:27 | _GeeK_ · tribute_sent a jugador 2 |
| 53:27 | _GeeK_ · tribute_sent a jugador 3 |
| 53:27 | _GeeK_ · tribute_sent a jugador 4 |
| 53:27 | _GeeK_ · tribute_sent a jugador 5 |
| 53:27 | _GeeK_ · tribute_sent a jugador 7 |
| 53:27 | _GeeK_ · tribute_sent a jugador 8 |
| 54:10 | _GeeK_ · first_building Archery Range |
| 54:59 | NSK.Kalupso · wall_segment Stone Wall x4 |
| 56:55 | NSK.Kalupso · resign |
[ AI ANALYSIS · 1 CREDIT ]
What really happened in this match?
Wolo.gg analyzes every decision: build order, eco, micro, common mistakes by bracket. Personalized analysis on WhatsApp or Discord in 30 seconds.
Civ guide
Bengalis
Perfil
NSK.Kalupso